2593 views
Uploaded 2021-12-30 05:34:24
Game version 1.32.10
13:54 long 1on1 ladder game on (2)Amazonia
Saved by SleepyBear
2593 views
Uploaded 2021-12-30 05:34:24
Game version 1.32.10
13:54 long 1on1 ladder game on (2)Amazonia

36 units @ 3.8k
/ 0.6k
13 buildings @ 2.5k
/ 1.1k


| Boots of Speed | 1 | 250 |
| Staff of Teleportation | 1 | 150 |
| Potion of Lesser Invulnerability | 1 | 150 |
| total: | 3 | 550g |
| Wisp | 20 | 1200 | / | 0 |
| Archer | 8 | 1040 | / | 80 |
| Dryad | 4 | 580 | / | 240 |
| Druid of the Claw | 4 | 1020 | / | 320 |
| total: | 36 | 3840g | / | 640w |
| Altar of Elders | 1 | 180 | / | 50 |
| Moon Well | 5 | 900 | / | 200 |
| Ancient of War | 1 | 150 | / | 60 |
| Hunter's Hall | 1 | 210 | / | 100 |
| Ancient of Wonders | 1 | 90 | / | 30 |
| Tree of Life | 2 | 680 | / | 370 |
| Ancient of Lore | 2 | 310 | / | 290 |
| Tree of Ages | 2 | 640 | / | 360 |
| Tree of Eternity | 2 | 660 | / | 400 |
| total: | 13 | 2520g | / | 1100w |
| 0:02 | Wisp |
| 0:02 | Wisp |
| 0:07 | Altar of Elders |
| 0:15 | Moon Well |
| 0:24 | Ancient of War |
| 0:31 | Wisp |
| 0:31 | Wisp |
| 0:31 | Wisp |
| 0:31 | Wisp |
| 0:31 | Wisp |
| 0:31 | Wisp |
| 0:31 | Wisp |
| 0:41 | Wisp |
| 0:41 | Wisp |
| 0:41 | Wisp |
| 0:51 | Wisp |
| 0:55 | Wisp |
| 1:03 | Wisp |
| 1:15 | Wisp |
| 1:33 | Moon Well |
| 1:39 | Archer |
| 1:39 | Archer |
| 1:39 | Archer |
| 1:39 | Archer |
| 1:39 | Archer |
| 1:40 | Archer |
| 1:40 | Archer |
| 1:40 | Archer |
| 1:45 | Wisp |
| 2:26 | Wisp |
| 2:26 | Wisp |
| 2:26 | Wisp |
| 3:12 | Tree of Ages |
| 3:22 | Hunter's Hall |
| 3:26 | Shadow Strike |
| 3:27 | Blink |
| 3:32 | Moon Well |
| 4:30 | Ultravision |
| 4:50 | Boots of Speed |
| 4:50 | Staff of Teleportation |
| 5:03 | Moon Well |
| 5:40 | Breath of Fire |
| 6:20 | Ancient of Lore |
| 6:21 | Ancient of Lore |
| 6:22 | Tree of Eternity |
| 6:43 | Strength of the Wild |
| 6:43 | Reinforced Hides |
| 7:33 | Dryad |
| 7:36 | Abolish Magic |
| 7:36 | Druid of the Claw Adept Training |
| 7:53 | Moon Well |
| 8:34 | Dryad |
| 8:44 | Ancient of Wonders |
| 8:56 | Druid of the Claw Master Training |
| 9:08 | Druid of the Claw |
| 9:33 | Shadow Strike |
| 10:01 | Tree of Life |
| 10:05 | Drunken Haze |
| 10:47 | Druid of the Claw |
| 11:22 | Druid of the Claw |
| 11:23 | Mark of the Claw |
| 12:02 | Druid of the Claw |
| 12:34 | Tree of Life |
| 12:41 | Dryad |
| 12:54 | Dryad |
| 13:10 | Potion of Lesser Invulnerability |
| Right click | 995 |
| Select group | 811 |
| Select | 197 |
| Misc. action | 157 |
| Build/train/purchase | 75 |
| Use ability | 44 |
| Assign group | 16 |
| Item give/drop | 1 |
27 units @ 4.3k
/ 0.6k
24 buildings @ 2k
/ 0.8k



| Scroll of Regeneration | 3 | 300 |
| Lesser Clarity Potion | 2 | 140 |
| total: | 5 | 440g |
| Peasant | 10 | 750 | / | 0 |
| Footman | 3 | 405 | / | 0 |
| Rifleman | 10 | 2050 | / | 300 |
| Knight | 2 | 490 | / | 120 |
| Gryphon Rider | 2 | 560 | / | 140 |
| total: | 27 | 4255g | / | 560w |
| Scout Tower | 8 | 240 | / | 160 |
| Arcane Tower | 8 | 560 | / | 400 |
| Guard Tower | 1 | 70 | / | 50 |
| Altar of Kings | 1 | 180 | / | 50 |
| Farm | 8 | 640 | / | 160 |
| Barracks | 1 | 160 | / | 60 |
| Blacksmith | 1 | 140 | / | 60 |
| Arcane Vault | 2 | 260 | / | 60 |
| Lumber Mill | 1 | 120 | / | 0 |
| Workshop | 1 | 140 | / | 140 |
| Gryphon Aviary | 1 | 140 | / | 150 |
| Keep | 1 | 320 | / | 210 |
| Castle | 1 | 360 | / | 210 |
| total: | 24 | 2020g | / | 840w |
| 0:03 | Peasant |
| 0:04 | Peasant |
| 0:37 | Altar of Kings |
| 0:41 | Peasant |
| 0:53 | Peasant |
| 0:59 | Farm |
| 1:05 | Peasant |
| 1:13 | Barracks |
| 1:19 | Peasant |
| 1:23 | Farm |
| 1:49 | Blacksmith |
| 1:54 | Peasant |
| 1:54 | Peasant |
| 1:58 | Scout Tower |
| 2:02 | Scout Tower |
| 2:04 | Scout Tower |
| 2:05 | Scout Tower |
| 2:21 | Footman |
| 2:21 | Footman |
| 2:32 | Arcane Vault |
| 2:35 | Arcane Vault |
| 2:39 | Summon Water Elemental |
| 2:39 | Summon Water Elemental |
| 3:06 | Footman |
| 3:07 | Rifleman |
| 3:09 | Arcane Tower |
| 3:15 | Farm |
| 3:16 | Farm |
| 3:17 | Farm |
| 3:17 | Farm |
| 3:46 | Lumber Mill |
| 4:07 | Arcane Tower |
| 4:08 | Brilliance Aura |
| 4:27 | Scroll of Regeneration |
| 4:28 | Lesser Clarity Potion |
| 4:38 | Arcane Tower |
| 4:39 | Arcane Tower |
| 4:47 | Rifleman |
| 4:47 | Rifleman |
| 5:09 | Peasant |
| 5:10 | Peasant |
| 5:38 | Rifleman |
| 5:38 | Rifleman |
| 6:07 | Keep |
| 6:41 | Rifleman |
| 6:41 | Rifleman |
| 6:46 | Lesser Clarity Potion |
| 8:15 | Summon Water Elemental |
| 8:37 | Long Rifles |
| 8:42 | Castle |
| 8:47 | Workshop |
| 8:54 | Gryphon Aviary |
| 9:11 | Farm |
| 9:13 | Iron Forged Swords |
| 9:13 | Black Gunpowder |
| 9:30 | Rifleman |
| 9:30 | Rifleman |
| 9:40 | Storm Bolt |
| 9:40 | Storm Bolt |
| 9:55 | Rifleman |
| 10:01 | Scout Tower |
| 10:03 | Scout Tower |
| 10:35 | Guard Tower |
| 10:49 | Scout Tower |
| 10:50 | Scout Tower |
| 11:27 | Arcane Tower |
| 11:30 | Scroll of Regeneration |
| 11:35 | Scroll of Regeneration |
| 11:49 | Arcane Tower |
| 12:24 | Knight |
| 12:25 | Knight |
| 12:28 | Holy Light |
| 12:29 | Holy Light |
| 12:41 | Gryphon Rider |
| 13:22 | Gryphon Rider |
| 13:40 | Farm |
| Right click | 675 |
| Select | 238 |
| Select group | 151 |
| Build/train/purchase | 97 |
| Assign group | 26 |
| Use ability | 12 |
| Minimap ping | 2 |
| Misc. action | 1 |
| Esc | 1 |